Marlies vs Heat

Created - Wednesday, March 5, 2025 at 22:12

Goals
1 2 3 T
Marlies 3 0 0 3
Heat 2 1 1 4
Shots
1 2 3 T
Marlies 13 6 5 24
Heat 9 14 14 37

1st period

1. Marlies , Shane Wright 30 (Brad Lambert 29, Jakub Dobes) at 1:35 (PP)
2. Heat , Georgi Merkulov 13 (Mike Reilly 44, Ben Gleason 5) at 2:09
3. Heat , Angus Crookshank 12 (Anthony Richard 11, Ryan Johnson 26) at 5:50
4. Marlies , Will Bitten 15 (Michael Milne 15, Samu Tuomaala 15) at 11:30 (PP)
5. Marlies , Michael Milne 12 (Samu Tuomaala 16, Taylor Fedun 16) at 18:38

Penalties :
John Klingberg (STO) for Interference (Minor) at 0:21, Anthony Richard (STO) for Delaying the game (Minor) at 2:17, Alex Goligoski (STO) for Hooking (Minor) at 2:20, Tanner Laczynski (STO) for Roughing (Minor) at 10:14, Marcus Bjork (STO) for Hooking (Minor) at 12:53, Devin Shore (TOR) for Delaying the game (Minor) at 13:10, Shane Wright (TOR) for Tripping (Minor) at 18:53

2nd period

6. Heat , Josh Doan 40 (Jayson Megna 43, John Klingberg 57) at 12:00 (PP)

Penalties :
Kyle Capobianco (TOR) for Hooking (Minor) at 7:13, Steven Kampfer (TOR) for Interference (Minor) at 11:05, Ben Gleason (STO) for Tripping (Minor) at 12:29, Chris Terry (STO) for Holding (Minor) at 19:06

3rd period

7. Heat , Sam Gagner 25 (Ryan Johnson 27, Mike Reilly 45) at 3:16 (PP)

Penalties :
Andrew Agozzino (STO) for Roughing (Minor) at 0:14, Callan Foote (TOR) for Roughing (Minor) at 3:00, Max McCormick (STO) for Hooking (Minor) at 3:21, Andrew Agozzino (STO) for High sticking (Minor) at 4:15, Taylor Fedun (TOR) for Tripping (Minor) at 9:23, Taylor Fedun (TOR) for Tripping (Minor) at 18:21

Goalie Stats

Jakub Dobes (TOR), 33 saves from 37 shots - (0.892), L, 19-21-4, 60:00 minutes
Ales Stezka (STO), 21 saves from 24 shots - (0.875), W, 12-7-1, 60:00 minutes

Players Stats for Marlies

Player Name              G  A  P  +/- PIM S  H  SB GA TA FO     MP     PP MP  PK MP  
------------------------------------------------------------------------------------
Austin Poganski          0  0  0   0  0   1  0  0  0  0  0/1    15:50   5:54   0:00 
Brad Lambert             0  1  1   0  0   3  1  0  0  0  2/2    20:02   6:34   2:13 
Callan Foote             0  0  0  -2  2   0  2  0  0  0  0/0    23:05   6:49   3:40 
Cedric Pare              0  0  0  -2  0   0  4  0  0  0  4/16   15:02   0:00   0:00 
Curtis Douglas           0  0  0   0  0   0  0  0  0  0  0/0     0:00   0:00   0:00 
Denis Gurianov           0  0  0  -1  0   2  1  0  0  0  1/1    19:22   5:54   0:16 
Devin Shore              0  0  0   1  2   3  0  0  0  0  7/23   17:43   5:46   1:31 
Jake Leschyshyn          0  0  0   0  0   0  0  0  0  0  0/1     0:56   0:00   0:00 
Joe Gambardella          0  0  0   0  0   3  3  0  0  0  2/3    22:59   6:34   6:22 
Kyle Capobianco          0  0  0   0  2   0  4  1  0  0  0/0    20:54   5:39   2:21 
Layton Ahac              0  0  0   1  0   0  0  0  0  0  0/0    12:54   0:20   0:00 
Matthew Robertson        0  0  0   0  0   1  1  1  0  0  0/0    24:44   5:53   5:31 
Michael Milne            1  1  2   0  0   1  0  0  0  0  0/1    13:24   0:20   0:00 
Samu Tuomaala            0  2  2   0  0   1  0  0  0  0  1/1    14:32   0:20   0:00 
Shane Wright             1  0  1   0  2   2  0  0  0  0  16/30  18:42   6:34   0:54 
Steven Kampfer           0  0  0  -2  2   1  4  3  0  0  0/0    18:10   0:39   3:15 
Taylor Fedun             0  1  1   1  4   2  1  3  0  0  0/0    20:08   6:16   3:19 
Will Bitten              1  0  1  -1  0   4  0  0  0  0  10/16  10:41   0:27   6:50 

Players Stats for Heat

Player Name              G  A  P  +/- PIM S  H  SB GA TA FO     MP     PP MP  PK MP  
------------------------------------------------------------------------------------
Alex Goligoski           0  0  0   0  2   0  1  1  0  0  0/0    22:40   4:28   4:59 
Andrew Agozzino          0  0  0   0  4   2  1  0  0  0  14/21  13:48   0:00   4:22 
Angus Crookshank         1  0  1   1  0   2  1  0  0  0  1/2    13:19   0:00   4:10 
Anthony Richard          0  1  1   1  2   1  0  0  0  0  3/3     9:38   0:30   0:00 
Ben Gleason              0  1  1   0  2   0  3  4  0  0  0/0    19:16   0:00   5:23 
Chris Terry              0  0  0   0  2   3  0  0  0  0  0/1    13:32   0:00   4:07 
Georgi Merkulov          1  0  1   0  0   4  2  1  0  0  0/1    13:01   3:33   0:00 
Jayson Megna             0  1  1   0  0   6  1  1  0  0  13/20  14:17   5:00   0:00 
Jiri Kulich              0  0  0   0  0   1  0  0  0  0  4/17   15:19   3:33   1:29 
John Klingberg           0  1  1   0  2   4  0  0  0  0  0/0    20:24   4:28   0:55 
Josh Doan                1  0  1   0  0   1  0  0  0  0  1/5    17:03   5:00   2:46 
Marcus Bjork             0  0  0   1  2   0  4  2  0  0  0/0    17:15   0:30   6:23 
Max McCormick            0  0  0   0  2   2  1  0  0  0  1/1     9:55   0:30   0:00 
Mike Reilly              0  2  2   0  0   3  4  0  0  0  0/0    19:37   4:05   2:09 
Nathan Walker            0  0  0   0  0   1  2  0  0  0  0/0    13:24   5:00   0:00 
Ryan Johnson             0  2  2   1  0   1  1  1  0  0  0/0    20:44   4:35   5:46 
Sam Gagner               1  0  1   0  0   4  0  1  0  0  0/2    13:50   3:33   0:00 
Tanner Laczynski         0  0  0   1  2   2  1  0  0  0  15/22  14:26   0:30   4:48 

3 Stars

1 - Mike Reilly (STO)
2 - Ryan Johnson (STO)
3 - Angus Crookshank (STO)

Power Play

Marlies - 2 on 10 Attempt(s) - 20.00%
Heat - 2 on 7 Attempt(s) - 28.57%

Penalty Kill

Marlies - 5 on 7 Attempt(s) - 71.43% - Score 0 goal in Penalty Kill
Heat - 8 on 10 Attempt(s) - 80.00% - Score 0 goal in Penalty Kill

Team Stat

Marlies - Hits : 21 - Faceoff Wins : 43 - Blocked Shots : 8 - Penalty Minutes : 14
Heat - Hits : 22 - Faceoff Wins : 52 - Blocked Shots : 11 - Penalty Minutes : 20

Official

Referees : Dan O'Rourke and Jean Hebert
Linesman : Bevan Mills and CJ Murray

Game Notes

No Game Note

Finance

Level 1 -- Attendance: 1988 (99.40%) -- Ticket Income $69,580
Level 2 -- Attendance: 952 (95.20%) -- Ticket Income $14,280
Total Attendance: 2940 (98.00%)
Total Ticket Income: $83,860
Other Income: $41,091
Total Income: $124,951

Marlies

5 vs 5 Forward 
   Center                   Left Wing                Right Wing               Time % Phy DF OF 
 1 Shane Wright             Joe Gambardella          Brad Lambert             25     0   2  3  
 2 Devin Shore              Denis Gurianov           Austin Poganski          25     0   3  2  
 3 Cedric Pare              Michael Milne            Samu Tuomaala            25     0   3  2  
 4 Cedric Pare              Denis Gurianov           Will Bitten              25     0   3  2  

5 vs 5 Defense 
   Defense                  Defense                                           Time % Phy DF OF 
 1 Matthew Robertson        Kyle Capobianco                                   25     1   2  2  
 2 Callan Foote             Steven Kampfer                                    25     1   2  2  
 3 Taylor Fedun             Layton Ahac                                       25     1   2  2  
 4 Matthew Robertson        Kyle Capobianco                                   25     1   2  2  

PowerPlay Forward 
   Center                   Left Wing                Right Wing               Time % Phy DF OF 
 1 Shane Wright             Joe Gambardella          Brad Lambert             60     0   1  4  
 2 Devin Shore              Denis Gurianov           Austin Poganski          40     0   1  4  

PowerPlay Defense
   Defense                  Defense                                           Time % Phy DF OF 
 1 Matthew Robertson        Callan Foote                                      60     0   2  3  
 2 Taylor Fedun             Kyle Capobianco                                   40     0   2  3  

Penalty Kill 4 Players Forward 
   Center                   Wing                     Time % Phy DF OF 
 1 Will Bitten              Joe Gambardella          60     0   4  1  
 2 Devin Shore              Brad Lambert             40     0   4  1  

Penalty Kill 4 Players Defense
   Defense                  Defense                  Time % Phy DF OF 
 1 Matthew Robertson        Taylor Fedun             60     1   4  0  
 2 Callan Foote             Kyle Capobianco          40     1   4  0  

Penalty Kill - 3 Players Forward 
   Forward                                           Time % Phy DF OF 
 1 Will Bitten                                       60     0   5  0  
 2 Devin Shore                                       40     0   5  0  

Penalty Kill - 3 Players Defense
   Defense                  Defense                  Time % Phy DF OF 
 1 Taylor Fedun             Matthew Robertson        60     0   5  0  
 2 Callan Foote             Kyle Capobianco          40     0   5  0  

4 vs 4 Forward 
   Center                   Wing                     Time % Phy DF OF 
 1 Shane Wright             Brad Lambert             60     0   3  2  
 2 Devin Shore              Denis Gurianov           40     0   3  2  

4 vs 4 Defense
   Defense                  Defense                  Time % Phy DF OF 
 1 Callan Foote             Matthew Robertson        60     0   3  2  
 2 Kyle Capobianco          Steven Kampfer           40     0   3  2  

Last Minutes Offensive
   Center                   Left Wing                Right Wing               Defense                  Defense                  
   Shane Wright             Devin Shore              Brad Lambert             Matthew Robertson        Kyle Capobianco          

Last Minutes Defensive
   Center                   Left Wing                Right Wing               Defense                  Defense                  
   Shane Wright             Denis Gurianov           Devin Shore              Steven Kampfer           Kyle Capobianco          

Goaltenders
Starting : Jakub Dobes              
Backup : Jesper Vikman            

Extra Forwards
Normal : Devin Shore, Samu Tuomaala, Brad Lambert - PP : Devin Shore, Brad Lambert - PK : Shane Wright
Extra Defensemen
Normal : Matthew Robertson, Kyle Capobianco, Callan Foote - PP : Callan Foote - PK : Kyle Capobianco, Callan Foote
Penalty Shots
Shane Wright, Brad Lambert, Devin Shore, Will Bitten, Austin Poganski
Custom OT Lines Forwards
Devin Shore, Shane Wright, Brad Lambert, Austin Poganski, Denis Gurianov, Joe Gambardella, Samu Tuomaala, Michael Milne, Will Bitten, Cedric Pare
Custom OT Lines Defensemen
Matthew Robertson, Kyle Capobianco, Taylor Fedun, Callan Foote, Steven Kampfer

Scratches
Cameron Gaunce (Healthy), Nico Myatovic (Healthy), Raivis Ansons (Healthy), Christian Kyrou (Healthy), Isaac Ratcliffe (Healthy)
Ilya Nikolayev (Healthy), Filip Johansson (Healthy), Josh Wesley (Healthy), Olivier Rodrigue (Healthy)

Heat

5 vs 5 Forward 
   Center                   Left Wing                Right Wing               Time % Phy DF OF 
 1 Jayson Megna             Nathan Walker            Josh Doan                25     1   2  2  
 2 Jiri Kulich              Georgi Merkulov          Sam Gagner               25     1   2  2  
 3 Tanner Laczynski         Angus Crookshank         Anthony Richard          25     1   2  2  
 4 Andrew Agozzino          Max McCormick            Chris Terry              25     1   2  2  

5 vs 5 Defense 
   Defense                  Defense                                           Time % Phy DF OF 
 1 Alex Goligoski           John Klingberg                                    34     1   2  2  
 2 Mike Reilly              Ben Gleason                                       32     1   2  2  
 3 Ryan Johnson             Marcus Bjork                                      30     1   2  2  
 4 Ben Gleason              John Klingberg                                    4      1   2  2  

PowerPlay Forward 
   Center                   Left Wing                Right Wing               Time % Phy DF OF 
 1 Jayson Megna             Nathan Walker            Josh Doan                50     0   0  5  
 2 Jiri Kulich              Georgi Merkulov          Sam Gagner               50     0   0  5  

PowerPlay Defense
   Defense                  Defense                                           Time % Phy DF OF 
 1 Alex Goligoski           John Klingberg                                    50     0   1  4  
 2 Mike Reilly              Ryan Johnson                                      50     0   1  4  

Penalty Kill 4 Players Forward 
   Center                   Wing                     Time % Phy DF OF 
 1 Tanner Laczynski         Angus Crookshank         50     1   4  0  
 2 Andrew Agozzino          Chris Terry              50     1   4  0  

Penalty Kill 4 Players Defense
   Defense                  Defense                  Time % Phy DF OF 
 1 Alex Goligoski           Ryan Johnson             50     1   4  0  
 2 Ben Gleason              Marcus Bjork             50     1   4  0  

Penalty Kill - 3 Players Forward 
   Forward                                           Time % Phy DF OF 
 1 Tanner Laczynski                                  50     0   5  0  
 2 Andrew Agozzino                                   50     0   5  0  

Penalty Kill - 3 Players Defense
   Defense                  Defense                  Time % Phy DF OF 
 1 Ben Gleason              Marcus Bjork             50     0   5  0  
 2 Alex Goligoski           Ryan Johnson             50     0   5  0  

4 vs 4 Forward 
   Center                   Wing                     Time % Phy DF OF 
 1 Jayson Megna             Josh Doan                50     1   2  2  
 2 Jiri Kulich              Sam Gagner               50     1   2  2  

4 vs 4 Defense
   Defense                  Defense                  Time % Phy DF OF 
 1 Alex Goligoski           Mike Reilly              50     1   2  2  
 2 Ben Gleason              John Klingberg           50     1   2  2  

Last Minutes Offensive
   Center                   Left Wing                Right Wing               Defense                  Defense                  
   Jayson Megna             Nathan Walker            Josh Doan                Alex Goligoski           John Klingberg           

Last Minutes Defensive
   Center                   Left Wing                Right Wing               Defense                  Defense                  
   Jayson Megna             Andrew Agozzino          Josh Doan                Alex Goligoski           Ben Gleason              

Goaltenders
Starting : Ales Stezka              
Backup : Connor MurphyG           

Extra Forwards
Normal : Anthony Richard, Angus Crookshank, Tanner Laczynski - PP : Anthony Richard, Max McCormick - PK : Josh Doan
Extra Defensemen
Normal : Marcus Bjork, Ryan Johnson, Mike Reilly - PP : Marcus Bjork - PK : Mike Reilly, John Klingberg
Penalty Shots
Jiri Kulich, Max McCormick, Anthony Richard, Georgi Merkulov, Sam Gagner
Custom OT Lines Forwards
Josh Doan, Jayson Megna, Sam Gagner, Nathan Walker, Anthony Richard, Jiri Kulich, Georgi Merkulov, Max McCormick, Tanner Laczynski, Andrew Agozzino
Custom OT Lines Defensemen
John Klingberg, Alex Goligoski, Mike Reilly, Ben Gleason, Ryan Johnson

Scratches
Cameron Hughes (Healthy), Tristen Robins (Healthy), Tyler Pitlick (Healthy), Alexander Barabanov (Healthy), John Hayden (Healthy)
Ivan Miroshnichenko (Healthy), Zach Dean (Healthy), Tanner Kero (Healthy), Radim Simek (Healthy), Byron Froese (Healthy)
Joel Hanley (Healthy), Ben McCartney (Healthy), Cole Reinhardt (Healthy), Stanislav Svozil (Healthy), Lucas Ciona (Healthy)
Farm Player 100 (Healthy), Michael Mersch (Healthy), Filip Roos (Healthy), Valtteri Pulli (Healthy), Ben Jones (Healthy)
Sam Morton (Healthy), Glenn Gawdin (Healthy), Marian Studenic (Healthy), Nolan Stevens (Healthy), Chase Wouters (Healthy)
Danila Klimovich (Healthy), Curtis McKenzie (Healthy), Linus Weissbach (Healthy), Vladislav Kolyachonok (Healthy), Zac Dalpe (Healthy)
Jared McIsaac (Healthy), Jaxson Stauber (Healthy), Georgi Romanov (Healthy), Tomas Suchanek (Healthy)

% Time on Ice - Marlies

Lines # - Real PCT - Wanted PCT - Time Play
Normal Forward
1 - 28% - 25% - 10:03
2 - 27% - 25% - 9:56
3 - 36% - 25% - 13:04
4 - 9% - 25% - 3:24
Normal Defense
1 - 16% - 25% - 5:54
2 - 32% - 25% - 11:35
3 - 34% - 25% - 12:34
4 - 18% - 25% - 6:24
PP Forward
1 - 51% - 60% - 6:34
2 - 49% - 40% - 6:14
PP Defense
1 - 49% - 60% - 6:13
2 - 51% - 40% - 6:35
PK Forward
1 - 76% - 60% - 6:50
2 - 24% - 40% - 2:13
PK Defense
1 - 65% - 60% - 5:51
2 - 35% - 40% - 3:12
PK3 Forward
1 - 0% - 60%
2 - 0% - 40%
PK3 Defense
1 - 0% - 60%
2 - 0% - 40%
44 Forward
1 - 71% - 60% - 1:12
2 - 29% - 40% - 0:30
44 Defense
1 - 61% - 60% - 1:02
2 - 39% - 40% - 0:40
Last Minute Offensive  - 0:00
Last Minute Defensive  - 0:00
Total
Forward - 60:00
Defense - 60:00

% Time on Ice - Heat

Lines # - Real PCT - Wanted PCT - Time Play
Normal Forward
1 - 23% - 25% - 8:24
2 - 26% - 25% - 9:28
3 - 25% - 25% - 9:09
4 - 26% - 25% - 9:26
Normal Defense
1 - 36% - 34% - 12:59
2 - 33% - 32% - 11:51
3 - 28% - 30% - 10:23
4 - 3% - 4% - 1:14
PP Forward
1 - 61% - 50% - 5:30
2 - 39% - 50% - 3:33
PP Defense
1 - 49% - 50% - 4:28
2 - 51% - 50% - 4:35
PK Forward
1 - 47% - 50% - 4:10
2 - 53% - 50% - 4:46
PK Defense
1 - 48% - 50% - 4:18
2 - 52% - 50% - 4:38
PK3 Forward
1 - 38% - 50% - 1:28
2 - 62% - 50% - 2:24
PK3 Defense
1 - 47% - 50% - 1:50
2 - 53% - 50% - 2:02
44 Forward
1 - 52% - 50% - 0:53
2 - 48% - 50% - 0:49
44 Defense
1 - 52% - 50% - 0:53
2 - 48% - 50% - 0:49
Last Minute Offensive  - 0:00
Last Minute Defensive  - 0:00
Total
Forward - 60:00
Defense - 60:00

Play-by-Play

1st period


0:01 of 1st period - Jayson Megna wins face-off versus Shane Wright in neutral zone.
0:21 of 1st period - Minor Penalty to John Klingberg for Interference.
0:22 of 1st period - Tanner Laczynski wins face-off versus Devin Shore in Heat zone.
0:53 of 1st period - Shot by Callan Foote.
0:53 of 1st period - Shot Misses the Net.
1:35 of 1st period - Shot by Shane Wright.
1:35 of 1st period - Goal by Shane Wright - Marlies : 1 - Heat : 0.
1:36 of 1st period - Cedric Pare wins face-off versus Jiri Kulich in neutral zone.
1:52 of 1st period - Mike Reilly is hit by Steven Kampfer and loses puck.
2:09 of 1st period - Shot by Georgi Merkulov.
2:09 of 1st period - Goal by Georgi Merkulov - Marlies : 1 - Heat : 1.
2:10 of 1st period - Andrew Agozzino wins face-off versus Devin Shore in neutral zone.
2:12 of 1st period - Off-side.
2:13 of 1st period - Tanner Laczynski wins face-off versus Devin Shore in neutral zone.
2:17 of 1st period - Minor Penalty to Anthony Richard for Delaying the game.
2:18 of 1st period - Shane Wright wins face-off versus Tanner Laczynski in Heat zone.
2:19 of 1st period - Shot by Brad Lambert.
2:19 of 1st period - Stopped by Ales Stezka without a rebound.
2:20 of 1st period - Shane Wright wins face-off versus Angus Crookshank in Heat zone.
2:20 of 1st period - Minor Penalty to Alex Goligoski for Hooking.
2:21 of 1st period - Shane Wright wins face-off versus Tanner Laczynski in Heat zone.
2:28 of 1st period - Shot by Shane Wright.
2:28 of 1st period - Shot Misses the Net.
3:40 of 1st period - Shot by Devin Shore.
3:40 of 1st period - Stopped by Ales Stezka without a rebound.
3:41 of 1st period - Tanner Laczynski wins face-off versus Shane Wright in Heat zone.
3:47 of 1st period - Icing by Brad Lambert.
3:48 of 1st period - Tanner Laczynski wins face-off versus Shane Wright in Marlies zone.
4:52 of 1st period - Shot by Josh Doan.
4:52 of 1st period - Shot Blocked by Taylor Fedun.
5:36 of 1st period - Shot by Denis Gurianov.
5:36 of 1st period - Stopped by Ales Stezka without a rebound.
5:37 of 1st period - Tanner Laczynski wins face-off versus Cedric Pare in Heat zone.
5:44 of 1st period - Shot by Denis Gurianov.
5:44 of 1st period - Stopped by Ales Stezka with a rebound.
5:50 of 1st period - Shot by Angus Crookshank.
5:50 of 1st period - Goal by Angus Crookshank - Marlies : 1 - Heat : 2.
5:51 of 1st period - Shane Wright wins face-off versus Jiri Kulich in neutral zone.
6:04 of 1st period - Shot by Shane Wright.
6:04 of 1st period - Shot Misses the Net.
6:09 of 1st period - Sam Gagner is hit by Steven Kampfer.
6:17 of 1st period - Shot by Sam Gagner.
6:17 of 1st period - Stopped by Jakub Dobes with a rebound.
6:19 of 1st period - Shot by Ryan Johnson.
6:19 of 1st period - Shot Misses the Net.
6:21 of 1st period - Shot by Sam Gagner.
6:21 of 1st period - Stopped by Jakub Dobes without a rebound.
6:22 of 1st period - Anthony Richard wins face-off versus Devin Shore in Marlies zone.
6:39 of 1st period - Shot by Devin Shore.
6:39 of 1st period - Stopped by Ales Stezka without a rebound.
6:40 of 1st period - Andrew Agozzino wins face-off versus Cedric Pare in Heat zone.
6:55 of 1st period - Off-side.
6:56 of 1st period - Tanner Laczynski wins face-off versus Devin Shore in neutral zone.
7:31 of 1st period - Shot by Austin Poganski.
7:31 of 1st period - Stopped by Ales Stezka without a rebound.
7:32 of 1st period - Brad Lambert wins face-off versus Andrew Agozzino in Heat zone.
7:42 of 1st period - Icing by Alex Goligoski.
7:43 of 1st period - Andrew Agozzino wins face-off versus Cedric Pare in Heat zone.
7:43 of 1st period - Andrew Agozzino is hit by Cedric Pare.
8:43 of 1st period - Nathan Walker is hit by Joe Gambardella and loses puck.
9:03 of 1st period - Mike Reilly is hit by Kyle Capobianco and loses puck.
9:16 of 1st period - Shot by Georgi Merkulov.
9:16 of 1st period - Stopped by Jakub Dobes with a rebound.
9:18 of 1st period - Shot by Jiri Kulich.
9:18 of 1st period - Shot Misses the Net.
9:28 of 1st period - Shot by Sam Gagner.
9:28 of 1st period - Stopped by Jakub Dobes with a rebound.
10:14 of 1st period - Minor Penalty to Tanner Laczynski for Roughing.
10:15 of 1st period - Devin Shore wins face-off versus Josh Doan in Heat zone.
11:28 of 1st period - Shot by Will Bitten.
11:28 of 1st period - Stopped by Ales Stezka with a rebound.
11:30 of 1st period - Shot by Michael Milne.
11:30 of 1st period - Deflect By Will Bitten.
11:30 of 1st period - Goal by Will Bitten - Marlies : 2 - Heat : 2.
11:31 of 1st period - Andrew Agozzino wins face-off versus Cedric Pare in neutral zone.
11:36 of 1st period - Layton Ahac is hit by Andrew Agozzino and loses puck.
12:06 of 1st period - Icing by Chris Terry.
12:07 of 1st period - Andrew Agozzino wins face-off versus Cedric Pare in Heat zone.
12:23 of 1st period - Off-side.
12:24 of 1st period - Devin Shore wins face-off versus Tanner Laczynski in neutral zone.
12:26 of 1st period - Off-side.
12:27 of 1st period - Tanner Laczynski wins face-off versus Shane Wright in neutral zone.
12:36 of 1st period - Shot by Anthony Richard.
12:36 of 1st period - Shot Blocked by Taylor Fedun.
12:49 of 1st period - Joe Gambardella is hit by Marcus Bjork and loses puck.
12:53 of 1st period - Minor Penalty to Marcus Bjork for Hooking.
12:54 of 1st period - Devin Shore wins face-off versus Andrew Agozzino in Heat zone.
13:03 of 1st period - Shot by Denis Gurianov.
13:03 of 1st period - Shot Hit the Post.
13:05 of 1st period - Shot by Matthew Robertson.
13:05 of 1st period - Stopped by Ales Stezka without a rebound.
13:06 of 1st period - Andrew Agozzino wins face-off versus Devin Shore in Heat zone.
13:10 of 1st period - Minor Penalty to Devin Shore for Delaying the game.
13:11 of 1st period - Shane Wright wins face-off versus Jayson Megna in Marlies zone.
13:20 of 1st period - Shot by Brad Lambert.
13:20 of 1st period - Stopped by Ales Stezka without a rebound.
13:21 of 1st period - Shane Wright wins face-off versus Jiri Kulich in Heat zone.
14:12 of 1st period - Icing by Samu Tuomaala.
14:13 of 1st period - Samu Tuomaala wins face-off versus Jayson Megna in Marlies zone.
14:29 of 1st period - Shot by Jayson Megna.
14:29 of 1st period - Stopped by Jakub Dobes without a rebound.
14:30 of 1st period - Jayson Megna wins face-off versus Shane Wright in Marlies zone.
15:12 of 1st period - Devin Shore is hit by Angus Crookshank and loses puck.
15:36 of 1st period - Shot by Angus Crookshank.
15:36 of 1st period - Stopped by Jakub Dobes with a rebound.
16:35 of 1st period - Andrew Agozzino is hit by Steven Kampfer and loses puck.
16:47 of 1st period - Icing by Steven Kampfer.
16:48 of 1st period - Jayson Megna wins face-off versus Cedric Pare in Marlies zone.
16:55 of 1st period - Shot by Mike Reilly.
16:55 of 1st period - Stopped by Jakub Dobes without a rebound.
16:56 of 1st period - Shane Wright wins face-off versus Sam Gagner in Marlies zone.
17:08 of 1st period - Brad Lambert is hit by Mike Reilly.
17:12 of 1st period - Shot by Shane Wright.
17:12 of 1st period - Shot Blocked by Georgi Merkulov.
17:14 of 1st period - Shot by Kyle Capobianco.
17:14 of 1st period - Shot Misses the Net.
17:19 of 1st period - Joe Gambardella is hit by Ben Gleason and loses puck.
17:31 of 1st period - Joe Gambardella is hit by Mike Reilly.
17:52 of 1st period - Shot by Will Bitten.
17:52 of 1st period - Shot Blocked by Ben Gleason.
18:03 of 1st period - Denis Gurianov is hit by Ben Gleason and loses puck.
18:20 of 1st period - Shot by Samu Tuomaala.
18:20 of 1st period - Shot Blocked by Sam Gagner.
18:22 of 1st period - Shot by Devin Shore.
18:22 of 1st period - Shot Misses the Net.
18:24 of 1st period - Shot by Samu Tuomaala.
18:24 of 1st period - Shot Misses the Net.
18:26 of 1st period - Shot by Samu Tuomaala.
18:26 of 1st period - Stopped by Ales Stezka with a rebound.
18:28 of 1st period - Shot by Michael Milne.
18:28 of 1st period - Shot Blocked by Ben Gleason.
18:30 of 1st period - Shot by Layton Ahac.
18:30 of 1st period - Shot Misses the Net.
18:32 of 1st period - Shot by Samu Tuomaala.
18:32 of 1st period - Shot Blocked by Ben Gleason.
18:34 of 1st period - Shot by Taylor Fedun.
18:34 of 1st period - Shot Misses the Net.
18:36 of 1st period - Shot by Samu Tuomaala.
18:36 of 1st period - Shot Misses the Net.
18:38 of 1st period - Shot by Michael Milne.
18:38 of 1st period - Goal by Michael Milne - Marlies : 3 - Heat : 2.
18:39 of 1st period - Jayson Megna wins face-off versus Shane Wright in neutral zone.
18:46 of 1st period - Shane Wright is hit by Alex Goligoski.
18:53 of 1st period - Minor Penalty to Shane Wright for Tripping.
18:54 of 1st period - Will Bitten wins face-off versus Jayson Megna in Marlies zone.
19:08 of 1st period - John Klingberg is hit by Joe Gambardella and loses puck.
19:49 of 1st period - Icing by Max McCormick.
19:50 of 1st period - Anthony Richard wins face-off versus Will Bitten in Heat zone.
Goals for this period are 3 for Marlies vs 2 for Heat.
Shots for this period are 13 for Marlies vs 9 for Heat.

2nd period


0:01 of 2nd period - Jiri Kulich wins face-off versus Will Bitten in neutral zone.
0:03 of 2nd period - Off-side.
0:04 of 2nd period - Will Bitten wins face-off versus Sam Gagner in neutral zone.
0:25 of 2nd period - Shot by John Klingberg.
0:25 of 2nd period - Stopped by Jakub Dobes with a rebound.
0:27 of 2nd period - Shot by Alex Goligoski.
0:27 of 2nd period - Shot Blocked by Taylor Fedun.
0:37 of 2nd period - Shot by Sam Gagner.
0:37 of 2nd period - Shot Misses the Net.
1:21 of 2nd period - Shot by Mike Reilly.
1:21 of 2nd period - Shot Misses the Net.
1:44 of 2nd period - Josh Doan is hit by Callan Foote and loses puck.
1:49 of 2nd period - Shot by Jayson Megna.
1:49 of 2nd period - Stopped by Jakub Dobes with a rebound.
1:58 of 2nd period - Icing by Steven Kampfer.
1:59 of 2nd period - Andrew Agozzino wins face-off versus Cedric Pare in Marlies zone.
2:20 of 2nd period - Shot by John Klingberg.
2:20 of 2nd period - Stopped by Jakub Dobes with a rebound.
3:38 of 2nd period - Mike Reilly is hit by Brad Lambert and loses puck.
3:55 of 2nd period - Shot by Denis Gurianov.
3:55 of 2nd period - Shot Blocked by Ben Gleason.
4:06 of 2nd period - Jayson Megna is hit by Kyle Capobianco and loses puck.
4:25 of 2nd period - Icing by Will Bitten.
4:26 of 2nd period - Tanner Laczynski wins face-off versus Jake Leschyshyn in Marlies zone.
5:16 of 2nd period - Icing by Marcus Bjork.
5:17 of 2nd period - Andrew Agozzino wins face-off versus Shane Wright in Heat zone.
5:36 of 2nd period - Shot by Andrew Agozzino.
5:36 of 2nd period - Shot Misses the Net.
5:38 of 2nd period - Shot by Chris Terry.
5:38 of 2nd period - Stopped by Jakub Dobes without a rebound.
5:39 of 2nd period - Devin Shore wins face-off versus Jiri Kulich in Marlies zone.
5:43 of 2nd period - Austin Poganski is hit by Georgi Merkulov and loses puck.
5:49 of 2nd period - Layton Ahac is hit by Ben Gleason and loses puck.
6:33 of 2nd period - Icing by Callan Foote.
6:34 of 2nd period - Jayson Megna wins face-off versus Shane Wright in Marlies zone.
6:35 of 2nd period - Shot by Nathan Walker.
6:35 of 2nd period - Shot Misses the Net.
6:45 of 2nd period - Shot by Shane Wright.
6:45 of 2nd period - Shot Misses the Net.
6:47 of 2nd period - Shot by Steven Kampfer.
6:47 of 2nd period - Shot Blocked by Alex Goligoski.
6:49 of 2nd period - Shot by Joe Gambardella.
6:49 of 2nd period - Stopped by Ales Stezka without a rebound.
6:50 of 2nd period - Cedric Pare wins face-off versus Tanner Laczynski in Heat zone.
6:51 of 2nd period - Shot by Denis Gurianov.
6:51 of 2nd period - Shot Blocked by Ryan Johnson.
7:06 of 2nd period - Icing by Kyle Capobianco.
7:07 of 2nd period - Jayson Megna wins face-off versus Cedric Pare in Marlies zone.
7:13 of 2nd period - Minor Penalty to Kyle Capobianco for Hooking.
7:14 of 2nd period - Jayson Megna wins face-off versus Will Bitten in Marlies zone.
7:52 of 2nd period - Shot by John Klingberg.
7:52 of 2nd period - Shot Misses the Net.
8:05 of 2nd period - Icing by Jiri Kulich.
8:06 of 2nd period - Will Bitten wins face-off versus Jiri Kulich in Heat zone.
8:31 of 2nd period - Shot by Jiri Kulich.
8:31 of 2nd period - Stopped by Jakub Dobes with a rebound.
8:52 of 2nd period - Callan Foote is hit by Nathan Walker and loses puck.
9:21 of 2nd period - Shot by Anthony Richard.
9:21 of 2nd period - Shot Misses the Net.
9:25 of 2nd period - Shot by Anthony Richard.
9:25 of 2nd period - Deflect By Angus Crookshank.
9:25 of 2nd period - Shot Blocked by Kyle Capobianco.
9:38 of 2nd period - Angus Crookshank is hit by Kyle Capobianco.
9:51 of 2nd period - Icing by Matthew Robertson.
9:52 of 2nd period - Cedric Pare wins face-off versus Chris Terry in Marlies zone.
9:52 of 2nd period - Cedric Pare is hit by Max McCormick.
9:55 of 2nd period - Icing by Samu Tuomaala.
9:56 of 2nd period - Andrew Agozzino wins face-off versus Cedric Pare in Marlies zone.
9:59 of 2nd period - Shot by Max McCormick.
9:59 of 2nd period - Stopped by Jakub Dobes without a rebound.
10:00 of 2nd period - Andrew Agozzino wins face-off versus Devin Shore in Marlies zone.
10:11 of 2nd period - Shot by Max McCormick.
10:11 of 2nd period - Shot Misses the Net.
10:21 of 2nd period - Shot by Chris Terry.
10:21 of 2nd period - Deflect By Max McCormick.
10:21 of 2nd period - Stopped by Jakub Dobes with a rebound.
10:23 of 2nd period - Shot by Chris Terry.
10:23 of 2nd period - Shot Misses the Net.
10:25 of 2nd period - Shot by Andrew Agozzino.
10:25 of 2nd period - Stopped by Jakub Dobes without a rebound.
10:26 of 2nd period - Shane Wright wins face-off versus Jayson Megna in Marlies zone.
10:26 of 2nd period - Shane Wright is hit by Jayson Megna.
10:58 of 2nd period - Shot by Josh Doan.
10:58 of 2nd period - Shot Blocked by Steven Kampfer.
11:00 of 2nd period - Shot by Nathan Walker.
11:00 of 2nd period - Shot Misses the Net.
11:05 of 2nd period - Minor Penalty to Steven Kampfer for Interference.
11:06 of 2nd period - Will Bitten wins face-off versus Jiri Kulich in Marlies zone.
11:15 of 2nd period - Icing by Ryan Johnson.
11:16 of 2nd period - Will Bitten wins face-off versus Jiri Kulich in Heat zone.
11:21 of 2nd period - Shot by Will Bitten.
11:21 of 2nd period - Stopped by Ales Stezka with a rebound.
11:23 of 2nd period - Shot by Matthew Robertson.
11:23 of 2nd period - Shot Misses the Net.
11:25 of 2nd period - Shot by Will Bitten.
11:25 of 2nd period - Shot Misses the Net.
11:27 of 2nd period - Shot by Taylor Fedun.
11:27 of 2nd period - Stopped by Ales Stezka with a rebound.
11:29 of 2nd period - Shot by Joe Gambardella.
11:29 of 2nd period - Stopped by Ales Stezka without a rebound.
11:30 of 2nd period - Jayson Megna wins face-off versus Will Bitten in Heat zone.
11:32 of 2nd period - Icing by Josh Doan.
11:33 of 2nd period - Joe Gambardella wins face-off versus Jayson Megna in Heat zone.
11:52 of 2nd period - Shot by John Klingberg.
11:52 of 2nd period - Shot Blocked by Matthew Robertson.
11:54 of 2nd period - Shot by Josh Doan.
11:54 of 2nd period - Shot Misses the Net.
11:56 of 2nd period - Shot by John Klingberg.
11:56 of 2nd period - Shot Misses the Net.
11:58 of 2nd period - Shot by Jayson Megna.
11:58 of 2nd period - Shot Misses the Net.
12:00 of 2nd period - Shot by Josh Doan.
12:00 of 2nd period - Goal by Josh Doan - Marlies : 3 - Heat : 3.
12:01 of 2nd period - Anthony Richard wins face-off versus Devin Shore in neutral zone.
12:04 of 2nd period - Callan Foote is hit by Tanner Laczynski.
12:13 of 2nd period - Icing by Ben Gleason.
12:14 of 2nd period - Tanner Laczynski wins face-off versus Cedric Pare in Heat zone.
12:14 of 2nd period - Tanner Laczynski is hit by Cedric Pare.
12:23 of 2nd period - Cedric Pare is hit by Mike Reilly and loses puck.
12:29 of 2nd period - Minor Penalty to Ben Gleason for Tripping.
12:30 of 2nd period - Andrew Agozzino wins face-off versus Austin Poganski in Heat zone.
12:30 of 2nd period - Andrew Agozzino is hit by Denis Gurianov.
13:21 of 2nd period - Shot by Tanner Laczynski.
13:21 of 2nd period - Stopped by Jakub Dobes without a rebound.
13:22 of 2nd period - Andrew Agozzino wins face-off versus Shane Wright in Marlies zone.
14:33 of 2nd period - Shot by Devin Shore.
14:33 of 2nd period - Stopped by Ales Stezka with a rebound.
15:24 of 2nd period - Icing by Layton Ahac.
15:25 of 2nd period - Tanner Laczynski wins face-off versus Cedric Pare in Marlies zone.
16:21 of 2nd period - Shot by Chris Terry.
16:21 of 2nd period - Stopped by Jakub Dobes without a rebound.
16:22 of 2nd period - Denis Gurianov wins face-off versus Jiri Kulich in Marlies zone.
16:35 of 2nd period - Georgi Merkulov is hit by Matthew Robertson.
16:58 of 2nd period - Shot by Georgi Merkulov.
16:58 of 2nd period - Stopped by Jakub Dobes with a rebound.
17:07 of 2nd period - Off-side.
17:08 of 2nd period - Shane Wright wins face-off versus Jayson Megna in neutral zone.
17:31 of 2nd period - Shot by John Klingberg.
17:31 of 2nd period - Stopped by Jakub Dobes without a rebound.
17:32 of 2nd period - Shane Wright wins face-off versus Andrew Agozzino in Marlies zone.
17:52 of 2nd period - Icing by Kyle Capobianco.
17:53 of 2nd period - Tanner Laczynski wins face-off versus Shane Wright in Marlies zone.
18:43 of 2nd period - Icing by Callan Foote.
18:44 of 2nd period - Jayson Megna wins face-off versus Devin Shore in Marlies zone.
18:57 of 2nd period - Shot by Ryan Johnson.
18:57 of 2nd period - Stopped by Jakub Dobes without a rebound.
18:58 of 2nd period - Max McCormick wins face-off versus Michael Milne in Marlies zone.
18:58 of 2nd period - Mike Reilly is hit by Taylor Fedun and loses puck.
19:06 of 2nd period - Minor Penalty to Chris Terry for Holding.
19:07 of 2nd period - Shane Wright wins face-off versus Andrew Agozzino in Heat zone.
19:34 of 2nd period - Shot by Taylor Fedun.
19:34 of 2nd period - Stopped by Ales Stezka with a rebound.
19:41 of 2nd period - Icing by Joe Gambardella.
19:42 of 2nd period - Tanner Laczynski wins face-off versus Shane Wright in Marlies zone.
Goals for this period are 0 for Marlies vs 1 for Heat.
Shots for this period are 6 for Marlies vs 14 for Heat.

3rd period


0:01 of 3rd period - Shane Wright wins face-off versus Tanner Laczynski in neutral zone.
0:14 of 3rd period - Minor Penalty to Andrew Agozzino for Roughing.
0:15 of 3rd period - Tanner Laczynski wins face-off versus Devin Shore in Heat zone.
1:08 of 3rd period - Kyle Capobianco is hit by Marcus Bjork.
1:25 of 3rd period - Off-side.
1:26 of 3rd period - Tanner Laczynski wins face-off versus Shane Wright in neutral zone.
2:19 of 3rd period - John Klingberg is hit by Cedric Pare and loses puck.
3:00 of 3rd period - Minor Penalty to Callan Foote for Roughing.
3:01 of 3rd period - Will Bitten wins face-off versus Jiri Kulich in Marlies zone.
3:14 of 3rd period - Shot by Mike Reilly.
3:14 of 3rd period - Stopped by Jakub Dobes with a rebound.
3:16 of 3rd period - Shot by Ryan Johnson.
3:16 of 3rd period - Deflect By Sam Gagner.
3:16 of 3rd period - Goal by Sam Gagner - Marlies : 3 - Heat : 4.
3:17 of 3rd period - Devin Shore wins face-off versus Andrew Agozzino in neutral zone.
3:21 of 3rd period - Minor Penalty to Max McCormick for Hooking.
3:22 of 3rd period - Brad Lambert wins face-off versus Tanner Laczynski in Heat zone.
3:22 of 3rd period - Brad Lambert is hit by Marcus Bjork.
3:31 of 3rd period - Shot by Matthew Robertson.
3:31 of 3rd period - Shot Misses the Net.
3:33 of 3rd period - Shot by Shane Wright.
3:33 of 3rd period - Stopped by Ales Stezka without a rebound.
3:34 of 3rd period - Andrew Agozzino wins face-off versus Devin Shore in Heat zone.
4:15 of 3rd period - Minor Penalty to Andrew Agozzino for High sticking.
4:16 of 3rd period - Josh Doan wins face-off versus Shane Wright in Heat zone.
4:22 of 3rd period - Icing by Joe Gambardella.
4:23 of 3rd period - Shane Wright wins face-off versus Josh Doan in Marlies zone.
4:33 of 3rd period - Shot by Brad Lambert.
4:33 of 3rd period - Shot Blocked by Marcus Bjork.
6:23 of 3rd period - Shot by Cedric Pare.
6:23 of 3rd period - Shot Blocked by Jayson Megna.
6:59 of 3rd period - Shot by Tanner Laczynski.
6:59 of 3rd period - Stopped by Jakub Dobes without a rebound.
7:00 of 3rd period - Andrew Agozzino wins face-off versus Devin Shore in Marlies zone.
7:22 of 3rd period - Shot by John Klingberg.
7:22 of 3rd period - Stopped by Jakub Dobes without a rebound.
7:23 of 3rd period - Jiri Kulich wins face-off versus Shane Wright in Marlies zone.
7:34 of 3rd period - Marcus Bjork is hit by Joe Gambardella and loses puck.
7:47 of 3rd period - Shot by Brad Lambert.
7:47 of 3rd period - Stopped by Ales Stezka without a rebound.
7:48 of 3rd period - Cedric Pare wins face-off versus Andrew Agozzino in Heat zone.
8:15 of 3rd period - Shot by Chris Terry.
8:15 of 3rd period - Stopped by Jakub Dobes without a rebound.
8:16 of 3rd period - Angus Crookshank wins face-off versus Devin Shore in Marlies zone.
8:20 of 3rd period - Icing by Kyle Capobianco.
8:21 of 3rd period - Jiri Kulich wins face-off versus Devin Shore in Marlies zone.
9:16 of 3rd period - Icing by Jiri Kulich.
9:17 of 3rd period - Shane Wright wins face-off versus Georgi Merkulov in Heat zone.
9:23 of 3rd period - Minor Penalty to Taylor Fedun for Tripping.
9:24 of 3rd period - Will Bitten wins face-off versus Josh Doan in Marlies zone.
9:35 of 3rd period - Icing by Nathan Walker.
9:36 of 3rd period - Will Bitten wins face-off versus Josh Doan in Heat zone.
9:54 of 3rd period - Shot by Nathan Walker.
9:54 of 3rd period - Stopped by Jakub Dobes without a rebound.
9:55 of 3rd period - Jayson Megna wins face-off versus Will Bitten in Marlies zone.
10:02 of 3rd period - Shot by Mike Reilly.
10:02 of 3rd period - Shot Misses the Net.
10:04 of 3rd period - Shot by Mike Reilly.
10:04 of 3rd period - Shot Blocked by Steven Kampfer.
10:06 of 3rd period - Shot by Jayson Megna.
10:06 of 3rd period - Stopped by Jakub Dobes without a rebound.
10:07 of 3rd period - Will Bitten wins face-off versus Jiri Kulich in Marlies zone.
10:21 of 3rd period - Off-side.
10:22 of 3rd period - Jayson Megna wins face-off versus Joe Gambardella in neutral zone.
10:26 of 3rd period - Nathan Walker is hit by Callan Foote and loses puck.
10:36 of 3rd period - Josh Doan is hit by Kyle Capobianco and loses puck.
10:41 of 3rd period - Shot by Jayson Megna.
10:41 of 3rd period - Shot Misses the Net.
11:48 of 3rd period - Shot by Andrew Agozzino.
11:48 of 3rd period - Stopped by Jakub Dobes without a rebound.
11:49 of 3rd period - Tanner Laczynski wins face-off versus Devin Shore in Marlies zone.
11:49 of 3rd period - Tanner Laczynski is hit by Steven Kampfer.
12:20 of 3rd period - Shot by Anthony Richard.
12:20 of 3rd period - Stopped by Jakub Dobes without a rebound.
12:21 of 3rd period - Joe Gambardella wins face-off versus Andrew Agozzino in Marlies zone.
13:30 of 3rd period - Shot by Jayson Megna.
13:30 of 3rd period - Stopped by Jakub Dobes without a rebound.
13:31 of 3rd period - Devin Shore wins face-off versus Tanner Laczynski in Marlies zone.
13:48 of 3rd period - Shot by Devin Shore.
13:48 of 3rd period - Shot Blocked by Marcus Bjork.
13:50 of 3rd period - Shot by Steven Kampfer.
13:50 of 3rd period - Stopped by Ales Stezka without a rebound.
13:51 of 3rd period - Jayson Megna wins face-off versus Cedric Pare in Heat zone.
13:51 of 3rd period - Jayson Megna is hit by Cedric Pare.
14:28 of 3rd period - Shot by Jayson Megna.
14:28 of 3rd period - Stopped by Jakub Dobes with a rebound.
14:33 of 3rd period - Off-side.
14:34 of 3rd period - Shane Wright wins face-off versus Jiri Kulich in neutral zone.
14:40 of 3rd period - Icing by Ryan Johnson.
14:41 of 3rd period - Shane Wright wins face-off versus Jiri Kulich in Heat zone.
14:41 of 3rd period - Steven Kampfer is hit by Marcus Bjork and loses puck.
15:06 of 3rd period - Shot by Brad Lambert.
15:06 of 3rd period - Deflect By Joe Gambardella.
15:06 of 3rd period - Stopped by Ales Stezka with a rebound.
15:50 of 3rd period - Shot by Tanner Laczynski.
15:50 of 3rd period - Shot Blocked by Steven Kampfer.
15:55 of 3rd period - Joe Gambardella is hit by Mike Reilly and loses puck.
16:33 of 3rd period - Shot by Max McCormick.
16:33 of 3rd period - Deflect By Chris Terry.
16:33 of 3rd period - Shot Misses the Net.
17:08 of 3rd period - Icing by Devin Shore.
17:09 of 3rd period - Jiri Kulich wins face-off versus Devin Shore in Marlies zone.
17:12 of 3rd period - Shot by Georgi Merkulov.
17:12 of 3rd period - Stopped by Jakub Dobes without a rebound.
17:13 of 3rd period - Devin Shore wins face-off versus Jiri Kulich in Marlies zone.
17:13 of 3rd period - Devin Shore is hit by Georgi Merkulov.
17:24 of 3rd period - Devin Shore is hit by Ryan Johnson and loses puck.
18:21 of 3rd period - Minor Penalty to Taylor Fedun for Tripping.
18:22 of 3rd period - Will Bitten wins face-off versus Jayson Megna in Marlies zone.
18:22 of 3rd period - Will Bitten is hit by Nathan Walker.
18:28 of 3rd period - Shot by Will Bitten.
18:28 of 3rd period - Stopped by Ales Stezka with a rebound.
18:56 of 3rd period - Shot by John Klingberg.
18:56 of 3rd period - Shot Misses the Net.
18:58 of 3rd period - Shot by Jayson Megna.
18:58 of 3rd period - Stopped by Jakub Dobes with a rebound.
19:21 of 3rd period - Shot by Mike Reilly.
19:21 of 3rd period - Stopped by Jakub Dobes with a rebound.
19:55 of 3rd period - Icing by Nathan Walker.
19:56 of 3rd period - Jayson Megna wins face-off versus Will Bitten in Heat zone.
Goals for this period are 0 for Marlies vs 1 for Heat.
Shots for this period are 5 for Marlies vs 14 for Heat.